 Dungeon Crawl Stone Soup version 0.18.1-8-gdd0e5ea (webtiles) character file.

107 Quirk the Ducker (level 4, -1/44 HPs)
             Began as a Troll Fighter on May 26, 2016.
             Slain by Natasha (7 damage)
             ... on level 3 of the Dungeon.
             The game lasted 00:03:56 (1357 turns).

Quirk the Ducker (Troll Fighter)                    Turns: 1357, Time: 00:03:57

Health: -1/44      AC:  5    Str: 25    XL:     4   Next: 56%
Magic:  3/3        EV:  8    Int:  4    God:
Gold:   166        SH:  8    Dex:  9    Spells: 0 memorised, 3 levels left

rFire  . . .     SeeInvis .     i - +0 whip (flame)
rCold  . . .     Gourm    +     b - +0 robe
rNeg   . . .     Faith    .     c - +0 shield
rPois  .         Spirit   .     (helmet restricted)
rElec  .         Dismiss  .     (no cloak)
rCorr  +         Reflect  .     (gloves unavailable)
SustAt .         Harm     .     (boots unavailable)
MR     .....                    (no amulet)
Stlth  +.........               (no ring)
                                m - ring of resist corrosion

@: slowed, very slow, not resistant to hostile enchantments, very unstealthy
A: unfitting armour, claws 3, fast metabolism 3, gourmand, regeneration 2,
shaggy fur 1, tough skin 2
a: no special abilities


You were on level 3 of the Dungeon.
You were very full.

You visited 1 branch of the dungeon, and saw 3 of its levels.

You collected 166 gold pieces.

Inventory:

Hand Weapons
 i - a +0 whip of flaming (weapon)
Armour
 b - a +0 robe (worn)
 c - a +0 shield (worn)
Jewellery
 m - a ring of resist corrosion (left claw)
Scrolls
 a - a scroll of remove curse {unknown}
 h - a scroll of amnesia {unknown}
 j - a scroll of recharging {unknown}
 k - a scroll of teleportation {unknown}
 o - a scroll of enchant weapon {unknown}
Potions
 d - 2 potions of might
 e - 2 potions of curing {unknown}
 l - a potion of flight {unknown}
 n - a potion of berserk rage {unknown}
Comestibles
 f - 4 bread rations
 g - 5 beef jerkies


   Skills:
 * Level 2.7 Fighting
 * Level 2.7 Maces & Flails
 + Level 1.1 Armour
 * Level 3.2 Dodging
 + Level 2.7 Shields


You had 3 spell levels left.
You didn't know any spells.

Dungeon Overview and Level Annotations

Branches:
Dungeon (3/15)

Altars:

Annotations:
D:3 Natasha


Innate Abilities, Weirdness & Mutations

You are too large for most types of armour.
You have claws for hands.
Your metabolism is lightning-fast.
You like to eat raw meat.
You heal very quickly.
You are covered in fur (AC +1).
You have very tough skin (AC +2).


Message History

You closely miss Natasha.
Natasha is severely wounded.
You block Natasha's attack. Natasha barely misses you.
You closely miss Natasha.
Natasha is severely wounded.
Natasha closely misses you.
You hit Natasha. You burn Natasha.
Natasha is almost dead.
Natasha claws you.
* * * LOW HITPOINT WARNING * * *
You block Natasha's attack.
You barely miss Natasha.
Natasha is almost dead.
Natasha closely misses you.
You barely miss Natasha.
Natasha is almost dead.
Natasha claws you!
* * * LOW HITPOINT WARNING * * *
Natasha claws you!
You die...

.###....#.#
#########)#
.....)....##
..(........#
.#########.# #.# #.#
########## #.#
#?@h.....# #.#
######!######.# #.#
.............#.####
#.# #######.#.#....#..
#.# #.#..#.###.# #.#
#.#..#†###.# #.#
.#..#.#.#...#####.#
#..............†...#
....##...##..#########


You could see Natasha.

Vanquished Creatures
  An orc priest (D:3)
  An adder (D:2)
  2 oozes
  A dart slug (D:1)
  3 giant geckos
  2 orcs (D:3)
  6 giant cockroaches
  5 goblins
  7 hobgoblins
  A quokka (D:2)
  5 bats
  6 giant newts
  9 kobolds
  2 rats
51 creatures vanquished.

Notes
Turn   | Place    | Note
--------------------------------------------------------------
     0 | D:1      | Quirk the Troll Fighter began the quest for the Orb.
     0 | D:1      | Reached XP level 1. HP: 22/22 MP: 0/0
    85 | D:1      | Reached XP level 2. HP: 28/29 MP: 1/1
   401 | D:1      | Reached XP level 3. HP: 36/36 MP: 2/2
   940 | D:2      | Reached skill level 1 in Armour
  1061 | D:2      | Reached skill level 3 in Dodging
  1175 | D:2      | Reached XP level 4. HP: 44/44 MP: 3/3
  1336 | D:3      | Noticed Natasha
  1357 | D:3      | Slain by Natasha

Skill      XL: |  1  2  3 |
---------------+----------+-----
Maces & Flails | 2 |  2.7
Armour         | 1 |  1.1
Dodging        | 3 |  3.2
Fighting       | |  2.7
Shields        | |  2.7

Action                   |  1- 3 |  4- 6 || total
-------------------------+-------+-------++-------
Melee: Flail             |    49 |       ||    49
       Whip              |   111 |    42 ||   153
  Eat: Chunk             |    12 |     6 ||    18
Armor: Robe              |    72 |     6 ||    78
Dodge: Dodged            |    63 |     9 ||    72
Block: Shield            |    87 |    17 ||   104
